BSA
JERSEY SHORE D-BAGS @ ST. LOUIS BROWNS
09/01/2030
 
TOP OF THE 1ST
Jersey Shore D-Bags batting - Pitching for St. Louis Browns : RHP Scott Walker
Pitching: RHP Scott Walker
Batting: LHB José Delgado 0-0: Called Strike
0-1: Called Strike
0-2: Strikes out swinging
Batting: RHB Ricardo González 0-0: Ball
1-0: Ball
2-0: Ground out 6-3 (Groundball, 6)
Batting: LHB Dave Dodd 0-0: Ground out 6-3 (Groundball, 6M)
Top of the 1st over - 0 runs, 0 hits, 0 errors, 0 left on base; Jersey Shore 0 - St. Louis 0
BOTTOM OF THE 1ST
St. Louis Browns batting - Pitching for Jersey Shore D-Bags : RHP John Jones
Pitching: RHP John Jones
Batting: RHB Pepe Carrasco 0-0: Called Strike
0-1: Ground out 4-3 (Groundball, 4)
Batting: LHB Robin Hill 0-0: Called Strike
0-1: Ball
1-1: Ball
2-1: Ball
3-1: Base on Balls
Batting: LHB Norberto Muñóz 0-0: Ball
1-0: Called Strike
1-1: TRIPLE (Flyball, 89XD)
Robin Hill scores
Batting: SHB Víctor Serrano 0-0: SINGLE (Groundball, 23) (infield hit)
Norberto Muñóz scores
Batting: LHB Junior Coates 0-0: SINGLE (Groundball, 4D)
Víctor Serrano to second
Runner from 2nd tries for 3rd, SAFE, no throw
Batting: RHB Carlos Alfaro 0-0: Ball
1-0: Ball
2-0: SINGLE (Groundball, 34D)
Víctor Serrano scores
Junior Coates to second
Runner from 2nd tries for 3rd, SAFE, no throw
Batting: SHB Tim Reid 0-0: Called Strike
0-1: Ball
1-1: DOUBLE (Flyball, 7D)
Junior Coates scores
Carlos Alfaro to third
Batting: LHB Juan Vásquez 0-0: Fly out, F5 (Line Drive, 56S)
Batting: RHB Jeff Jones 0-0: Ball
1-0: Ball
2-0: Ball
3-0: Called Strike
3-1: Swinging Strike
3-2: Foul Ball, location: 2F
3-2: Foul Ball, location: 2F
3-2: Foul Ball, location: 2F
3-2: Strikes out swinging
Bottom of the 1st over - 4 runs, 5 hits, 0 errors, 2 left on base; Jersey Shore 0 - St. Louis 4
TOP OF THE 2ND
Jersey Shore D-Bags batting - Pitching for St. Louis Browns : RHP Scott Walker
Batting: RHB Ben Morton 0-0: Called Strike
0-1: Foul Ball, location: 2F
0-2: Strikes out swinging
Batting: LHB António Cedeño 0-0: Fly out, F9 (Flyball, 9D)
Batting: RHB Francisco Sandoval 0-0: Called Strike
0-1: Ball
1-1: Ground out 3-1 (Groundball, 34)
Top of the 2nd over - 0 runs, 0 hits, 0 errors, 0 left on base; Jersey Shore 0 - St. Louis 4
BOTTOM OF THE 2ND
St. Louis Browns batting - Pitching for Jersey Shore D-Bags : RHP John Jones
Batting: RHB Pepe Carrasco 0-0: Ball
1-0: Called Strike
1-1: Ground out 1-3 (Groundball, 13)
Batting: LHB Robin Hill 0-0: Foul Ball, location: 2F
0-1: Ball
1-1: Fly out, F8 (Flyball, 8LS)
Batting: LHB Norberto Muñóz 0-0: SINGLE (Line Drive, 9S)
Batting: SHB Víctor Serrano 0-0: Called Strike
Norberto Muñóz steals 2nd base
0-1: Fly out, F9 (Flyball, 9LDF)
Bottom of the 2nd over - 0 runs, 1 hit, 0 errors, 1 left on base; Jersey Shore 0 - St. Louis 4
TOP OF THE 3RD
Jersey Shore D-Bags batting - Pitching for St. Louis Browns : RHP Scott Walker
Batting: LHB Ray Bryant 0-0: Ball
1-0: Ball
2-0: Called Strike
2-1: Called Strike
2-2: Ball
3-2: Ground out 5-3 (Groundball, 5)
Batting: RHB Tyler Wagner 0-0: Ground out 5-3 (Groundball, 5)
Batting: RHB José Pinto 0-0: Ball
1-0: Ball
2-0: Ball
3-0: Called Strike
3-1: Base on Balls
Batting: LHB José Delgado 0-0: Ball
1-0: Fly out, F9 (Flyball, 89S)
Top of the 3rd over - 0 runs, 0 hits, 0 errors, 1 left on base; Jersey Shore 0 - St. Louis 4
BOTTOM OF THE 3RD
St. Louis Browns batting - Pitching for Jersey Shore D-Bags : RHP John Jones
Batting: LHB Junior Coates 0-0: Called Strike
0-1: Ball
1-1: Fly out, F9 (Flyball, 9)
Batting: RHB Carlos Alfaro 0-0: Ball
1-0: Fly out, F4 (Line Drive, 4MD)
Batting: SHB Tim Reid 0-0: Foul Ball, location: 2F
0-1: Ball
1-1: Called Strike
1-2: Fly out, F7 (Flyball, 7LMF)
Bottom of the 3rd over - 0 runs, 0 hits, 0 errors, 0 left on base; Jersey Shore 0 - St. Louis 4
TOP OF THE 4TH
Jersey Shore D-Bags batting - Pitching for St. Louis Browns : RHP Scott Walker
Batting: RHB Ricardo González 0-0: Ball
1-0: Called Strike
1-1: Foul Ball, location: 2F
1-2: Ball
2-2: Ball
3-2: SINGLE (Groundball, 56) (infield hit)
Batting: LHB Dave Dodd 0-0: Swinging Strike
0-1: Foul Ball, location: 2F
0-2: Ball
1-2: Ball
2-2: Ball
Ricardo González steals 2nd base
3-2: Reached via error on a dropped throw, E3
Ricardo González to third
Batting: RHB Ben Morton 0-0: Ball
1-0: Called Strike
1-1: Fly out, F7 (Line Drive, 7LD)
Runner from 3rd tags up, SCORES, no throw
Batting: LHB António Cedeño 0-0: Called Strike
0-1: Fly out, F4 (Flyball, 4MD)
Batting: RHB Francisco Sandoval 0-0: Swinging Strike
0-1: Foul Ball, location: 2F
0-2: Fly out, F4 (Line Drive, 4)
Top of the 4th over - 1 run, 1 hit, 1 error, 1 left on base; Jersey Shore 1 - St. Louis 4
BOTTOM OF THE 4TH
St. Louis Browns batting - Pitching for Jersey Shore D-Bags : RHP John Jones
Batting: LHB Juan Vásquez 0-0: Called Strike
0-1: SINGLE (Popup, 5D)
Batting: RHB Jeff Jones 0-0: Ball
1-0: Fly out, F7 (Flyball, 7LD)
Batting: RHB Pepe Carrasco 0-0: Ground out 6-3 (Groundball, 6MS)
Juan Vásquez to second
Batting: LHB Robin Hill 0-0: Called Strike
0-1: Ball
1-1: Foul Ball, location: 2F
1-2: Foul Ball, location: 2F
1-2: Fly out, F4 (Popup, 3D)
Bottom of the 4th over - 0 runs, 1 hit, 0 errors, 1 left on base; Jersey Shore 1 - St. Louis 4
TOP OF THE 5TH
Jersey Shore D-Bags batting - Pitching for St. Louis Browns : RHP Scott Walker
Batting: LHB Ray Bryant 0-0: Ball
1-0: Swinging Strike
1-1: Fly out, F9 (Flyball, 89D)
Batting: RHB Tyler Wagner 0-0: Swinging Strike
0-1: Ball
1-1: Foul Ball, location: 2F
1-2: Ball
2-2: Ball
3-2: Fly out, F9 (Flyball, 89M)
Batting: RHB José Pinto 0-0: Ball
1-0: Swinging Strike
1-1: Swinging Strike
1-2: Ground out 4-3 (Groundball, 4M)
Top of the 5th over - 0 runs, 0 hits, 0 errors, 0 left on base; Jersey Shore 1 - St. Louis 4
BOTTOM OF THE 5TH
St. Louis Browns batting - Pitching for Jersey Shore D-Bags : RHP John Jones
Batting: LHB Norberto Muñóz 0-0: Foul Ball, location: 2F
0-1: Ball
1-1: Swinging Strike
1-2: Ball
2-2: Ball
3-2: Base on Balls
Batting: SHB Víctor Serrano 0-0: Ball
1-0: Called Strike
1-1: Ball
2-1: Foul Ball, location: 2F
2-2: Foul Ball, location: 2F
2-2: Ball
3-2: Foul Ball, location: 2F
3-2: Foul Ball, location: 2F
3-2: Foul Ball, location: 2F
3-2: SINGLE (Groundball, 34D)
Norberto Muñóz to second
Runner from 2nd tries for 3rd, SAFE, no throw
Batting: LHB Junior Coates 0-0: Ball
1-0: Ball
2-0: Foul Ball, location: 2F
2-1: Foul Ball, location: 2F
2-2: Ball
3-2: 3-RUN HOME RUN (Flyball, 9LD), Distance : 344 ft
Batting: RHB Carlos Alfaro 0-0: Ball
1-0: Ground out 5-3 (Groundball, 56)
Batting: SHB Tim Reid 0-0: Ball
1-0: Fly out, F9 (Flyball, 9LS)
Batting: LHB Juan Vásquez 0-0: Called Strike
0-1: Ball
1-1: Reached on error, E3 (Groundball, 3)
Pitching: RHP Dave Mitchell
Batting: RHB Jeff Jones 0-0: Called Strike
0-1: Ball
1-1: Called Strike
Juan Vásquez steals 2nd base
1-2: Foul Ball, location: 2F
1-2: Foul Ball, location: 2F
1-2: Strikes out looking
Bottom of the 5th over - 3 runs, 2 hits, 1 error, 1 left on base; Jersey Shore 1 - St. Louis 7
TOP OF THE 6TH
Jersey Shore D-Bags batting - Pitching for St. Louis Browns : RHP Scott Walker
Batting: LHB José Delgado 0-0: Foul Ball, location: 2F
0-1: Ground out U3 (Groundball, 3)
Batting: RHB Ricardo González 0-0: Ball
1-0: Foul Ball, location: 2F
1-1: Called Strike
1-2: SOLO HOME RUN (Flyball, 7LD), Distance : 361 ft
Batting: LHB Dave Dodd 0-0: Fly out, F1 (Line Drive, 13)
Batting: RHB Ben Morton 0-0: Ball
1-0: Swinging Strike
1-1: Fly out, F9 (Flyball, 89D)
Top of the 6th over - 1 run, 1 hit, 0 errors, 0 left on base; Jersey Shore 2 - St. Louis 7
BOTTOM OF THE 6TH
St. Louis Browns batting - Pitching for Jersey Shore D-Bags : RHP Dave Mitchell
Batting: RHB Pepe Carrasco 0-0: Foul Ball, location: 2F
0-1: Ball
1-1: Foul Ball, location: 2F
1-2: Foul Ball, location: 2F
1-2: Ball
2-2: Ground out 4-3 (Groundball, 4)
Batting: LHB Robin Hill 0-0: Ball
1-0: Ball
2-0: Called Strike
2-1: Foul Ball, location: 2F
2-2: Ball
3-2: DOUBLE (Line Drive, 8LXD)
Batting: LHB Norberto Muñóz 0-0: Called Strike
0-1: Ball
Robin Hill steals 3rd base
1-1: Ball
2-1: Foul Ball, location: 2F
2-2: Ground out U3 (Groundball, 3L)
Batting: SHB Víctor Serrano 0-0: Foul Ball, location: 2F
0-1: Ball
1-1: Ball
2-1: Foul Ball, location: 2F
2-2: Ball
3-2: Ground out 4-3 (Groundball, 4)
Bottom of the 6th over - 0 runs, 1 hit, 0 errors, 1 left on base; Jersey Shore 2 - St. Louis 7
TOP OF THE 7TH
Jersey Shore D-Bags batting - Pitching for St. Louis Browns : RHP Scott Walker
Batting: LHB António Cedeño 0-0: Swinging Strike
0-1: SINGLE (Groundball, 4MD)
Batting: RHB Francisco Sandoval 0-0: Called Strike
0-1: Called Strike
0-2: Fly out, F8 (Flyball, 8LD)
Batting: LHB Ray Bryant 0-0: TRIPLE (Flyball, 7D)
António Cedeño scores
Batting: RHB Tyler Wagner 0-0: Ball
1-0: Ball
2-0: Ball
3-0: Swinging Strike
3-1: DOUBLE (Line Drive, 8LD)
Ray Bryant scores
Batting: RHB José Pinto 0-0: Ball
1-0: Ball
2-0: Ball
3-0: Base on Balls
Batting: LHB José Delgado 0-0: Foul Ball, location: 2F
0-1: Ball
1-1: Ball
2-1: Foul Ball, location: 2F
2-2: Strikes out swinging
Batting: RHB Ricardo González 0-0: Foul Ball, location: 2F
0-1: Fly out, F7 (Flyball, 7S)
Top of the 7th over - 2 runs, 3 hits, 0 errors, 2 left on base; Jersey Shore 4 - St. Louis 7
BOTTOM OF THE 7TH
St. Louis Browns batting - Pitching for Jersey Shore D-Bags : RHP Dave Mitchell
Batting: LHB Junior Coates 0-0: Called Strike
0-1: Swinging Strike
0-2: Strikes out swinging
Batting: RHB Carlos Alfaro 0-0: Ball
1-0: Ball
2-0: Ball
3-0: Called Strike
3-1: Foul Ball, location: 2F
3-2: Foul Ball, location: 2F
3-2: Ground out 4-3 (Groundball, 4)
Batting: SHB Tim Reid 0-0: Ball
1-0: Called Strike
1-1: Ground out 6-3 (Groundball, 6)
Bottom of the 7th over - 0 runs, 0 hits, 0 errors, 0 left on base; Jersey Shore 4 - St. Louis 7
TOP OF THE 8TH
Jersey Shore D-Bags batting - Pitching for St. Louis Browns : RHP Scott Walker
Pitching: RHP Huang Chen
Batting: LHB Dave Dodd 0-0: Foul Ball, location: 2F
0-1: Called Strike
0-2: Strikes out swinging
Batting: RHB Ben Morton 0-0: Ball
1-0: Fly out, F7 (Flyball, 7LS)
Batting: LHB António Cedeño 0-0: Called Strike
0-1: Ball
1-1: Ball
2-1: Fly out, F9 (Flyball, 9)
Top of the 8th over - 0 runs, 0 hits, 0 errors, 0 left on base; Jersey Shore 4 - St. Louis 7
BOTTOM OF THE 8TH
St. Louis Browns batting - Pitching for Jersey Shore D-Bags : RHP Dave Mitchell
Batting: LHB Juan Vásquez 0-0: Called Strike
0-1: Ball
1-1: Ground out U3 (Groundball, 34S)
Batting: RHB Jeff Jones 0-0: Swinging Strike
0-1: Ball
1-1: Foul Ball, location: 2F
1-2: Strikes out swinging
Batting: RHB Pepe Carrasco 0-0: Called Strike
0-1: Ball
1-1: Ball
2-1: Ground out 1-3 (Groundball, 15S)
Bottom of the 8th over - 0 runs, 0 hits, 0 errors, 0 left on base; Jersey Shore 4 - St. Louis 7
TOP OF THE 9TH
Jersey Shore D-Bags batting - Pitching for St. Louis Browns : RHP Huang Chen
Now in RF: Miguel Medellín
Batting: RHB Francisco Sandoval 0-0: Ball
1-0: Foul Ball, location: 2F
1-1: Called Strike
1-2: Strikes out swinging
Batting: LHB Ray Bryant 0-0: Called Strike
0-1: SINGLE (Line Drive, 9LS)
Batting: RHB Tyler Wagner 0-0: Called Strike
0-1: Ball
1-1: SINGLE (Line Drive, 6MD)
Ray Bryant to second
Batting: RHB José Pinto 0-0: Ball
1-0: Swinging Strike
1-1: Foul Ball, location: 2F
1-2: Ball
2-2: Strikes out swinging
Batting: LHB José Delgado 0-0: Ball
1-0: Swinging Strike
1-1: Ball
2-1: Swinging Strike
2-2: Strikes out swinging
Top of the 9th over - 0 runs, 2 hits, 0 errors, 2 left on base; Jersey Shore 4 - St. Louis 7
Saturday, April 7th, 2018 - OOTP Baseball 18.8 Build 76